 Dungeon Crawl Stone Soup version 0.31-a0-523-g071a6c1ffa (webtiles) character file.

Game seed: 16786033027404832951

134 Shayle the Changeling (level 5, -5/53 HPs)
             Began as an Ogre Shapeshifter on Aug 11, 2023.
             Killed from afar by an orc wizard (7 damage)
             ... with a puff of flame
             ... on level 3 of the Dungeon.
             The game lasted 00:04:35 (3376 turns).

Shayle the Changeling (Ogre Shapeshifter)           Turns: 3376, Time: 00:04:36

Health: -5/53      AC:  3    Str: 18 (19) XL:     5   Next: 17%
Magic:  8/8        EV:  9    Int:  9 (11) God:
Gold:   82         SH:  0    Dex:  8 (9)  Spells: 8/8 levels left

rFire   . . .        l - +0 scimitar
rCold   . . .        (no shield)
rNeg    . . .        a - +0 animal skin
rPois   .            (helmet currently unavailable)
rElec   .            (cloak currently unavailable)
rCorr   .            (gloves unavailable)
SInv    .            (boots unavailable)
Will    .....        (no amulet)
Stlth   +            (no ring)
HPRegen 0.28/turn    (no ring)
MPRegen 0.11/turn

%: no passive effects
@: mighty, beast-form
A: beast (slay +2), large, unfitting armour, tough skin 1
a: Begin Untransformation


You were on level 3 of the Dungeon.
You were a hulking beast.
You visited 1 branch of the dungeon, and saw 3 of its levels.

You collected 82 gold pieces.

Inventory:

Hand Weapons
 l - a +0 scimitar (weapon)
Armour
 a - a +0 animal skin (worn)
 o - a +0 cloak
Jewellery
 m - an amulet of regeneration
Talismans
 c - a beast talisman (active)
 d - a flux talisman
Scrolls
 e - 2 scrolls of identify {unknown}
 f - a scroll of teleportation {unknown}
 i - a scroll of vulnerability {unknown}
 n - a scroll of immolation {unknown}
Potions
 b - a potion of lignification


   Skills:
 + Level 3.2 Fighting
 - Level 1.7 Dodging
 + Level 3.4 Unarmed Combat
 + Level 2.3 Spellcasting
 + Level 3.6 Shapeshifting


You had 8 spell levels left.
You didn't know any spells.
Your spell library was empty.

Dungeon Overview and Level Annotations

Branches:
Dungeon (3/15)

Altars:
Dithmenos
Okawaru

Shops:
D:2 :

Portals:
Abyss: D:3

Annotations:
D:3 2 transporters, quinnr's ghost, amateur TeAE


Innate Abilities, Weirdness & Mutations

You are a hulking beast.
Your limbs bulge with bestial killing power. (Slay +2)
You are too large for most types of armour.
You have tough skin. (AC +1)


Message History

Something hits you.
* * * LOW HITPOINT WARNING * * *
The orc priest hits you with a +0 hand axe.
* * * LOW HITPOINT WARNING * * *
The orc hits you with a +0 dagger.
* * * LOW HITPOINT WARNING * * *
The orc priest mumbles some strange prayers to Beogh against you.
You struggle to resist.
Something completely misses you. The orc barely misses you.
It was a potion of curing.
You feel better.
You hear some strange, mumbled words.
Something tries to affect you, but you resist.
The orc priest invokes the aid of Beogh against you.
You struggle to resist.
You hear some strange, mumbled words.
A puff of flame appears from out of thin air!
The puff of flame hits you.
* * * LOW HITPOINT WARNING * * *
The orc hits you but does no damage.
It was a potion of might.
You feel very mighty all of a sudden. Something hits you but does no damage.
The orc priest hits you with a +0 hand axe.
* * * LOW HITPOINT WARNING * * *
The orc hits you but does no damage.
You closely miss the orc priest.
The orc priest is almost dead.
Something hits you but does no damage. The orc priest barely misses you.
The orc hits you with a +0 dagger.
* * * LOW HITPOINT WARNING * * *
You closely miss the orc priest. Your punch misses the orc priest.
The orc priest is almost dead.
Something hits you but does no damage.
The orc priest hits you with a +0 hand axe.
* * * LOW HITPOINT WARNING * * *
The orc hits you but does no damage. The orc priest barely misses you.
You hear some strange, mumbled words.
A puff of flame appears from out of thin air!
The puff of flame hits you!
You die...

######.####
#.###..#.........
#.........# .#
#..####..##..
#.####.##.# .# #... ..#
#. #.# #..##.# .. ....
..# # #.# #.###.# .#
#### #.###.# #.# .##
#.#.#.###.# ..###
##.........######o...###
................h{{....'
###.....#########o...###
##....# #.#.# ###.## ##
# #.# #.# #.# #.#
######.#


You could see an orc priest and an orc.

Vanquished Creatures
  7 adders
  A worm (D:2)
  3 dart slugs (D:1)
  5 orcs (D:3)
  A bat (D:3)
  6 endoplasms
  2 giant cockroaches (D:1)
  2 goblins
  6 hobgoblins
  4 jackals (D:1)
  4 kobolds
  9 ball pythons
  2 frilled lizards (D:1)
  5 rats
57 creatures vanquished.

Notes
Turn   | Place    | Note
-------+----------+-------------------------------------------
     0 | D:1      | Shayle the Ogre Shapeshifter began the quest for the Orb.
     0 | D:1      | Reached XP level 1. HP: 19/19 MP: 1/1
   304 | D:1      | Reached XP level 2. HP: 28/28 MP: 2/2
   362 | D:1      | Found a faded altar of an unknown god.
   544 | D:1      | Reached skill level 1 in Spellcasting
   634 | D:1      | Reached XP level 3. HP: 34/35 MP: 4/4
   876 | D:1      | You fall into a shaft and drop 1 floor!
  1324 | D:2      | Reached XP level 4. HP: 36/44 MP: 6/6
  1808 | D:2      | Found a shadowy altar of Dithmenos.
  2073 | D:2      | Found Ziapit's Book Boutique.
  2135 | D:3      | Found a transporter.
  2136 | D:3      | Found a transporter.
  2351 | D:3      | Found an iron altar of Okawaru.
  2613 | D:2      | Reached XP level 5. HP: 22/53 MP: 8/8
  3029 | D:3      | Noticed a small abomination
  3030 | D:3      | Noticed a kobold brigand
  3039 | D:3      | Noticed quinnr's ghost (amateur TeAE)
  3043 | D:3      | Found a one-way gate to the infinite horrors of the Abyss.
  3376 | D:3      | HP: 2/53 [orc priest/+0 hand axe (3)]
  3376 | D:3      | Killed from afar by an orc wizard

Illustrated notes

Levels and vault maps discovered:
D:1:      erik_arrival_orb_chamber, layout_basic,
          nicolae_ecumenical_snake_handling
D:2:      layout_basic, serial_shops, shop, basic_altar, serial_bayou,
          serial_bayou_shore_a, serial_bayou_pond_c, serial_bayou_lagoon_b,
          serial_bayou_crossing, serial_bayou_shore_b, serial_bayou_shore_b,
          nicolae_elevator_lobby_plus
D:3:      layout_loops_corners, mainiacjoe_overflow_24_doors,
          gammafunk_ghost_abyssal_escape, minmay_shallow_snake_nest

Skill      XL: |  1  2  3  4 |
---------------+-------------+-----
Fighting       | 2 3 |  3.2
Spellcasting   | 1 2 |  2.3
Unarmed Combat | 3 |  3.4
Dodging        | |  1.7
Shapeshifting  | |  3.6

Action                     |  1- 3 |  4- 6 || total
---------------------------+-------+-------++-------
  Melee: Unarmed           |    67 |       ||    67
         Scimitar          |    25 |    96 ||   121
         Punch             |       |     2 ||     2
    Use: Potion            |       |     4 ||     4
 Armour: Animal skin       |    26 |    38 ||    64
  Dodge: Dodged            |    43 |    60 ||   103

Table legend: (Time is in decaauts)
 A = Elapsed time spent in this place.
 B = Non-inter-level travel time spent in this place.
 C = Inter-level travel time spent in this place.
 D = Time resting spent in this place.
 E = Time spent auto-exploring this place.
 F = Levels seen in this place.
 G = Mean time per level.
                   A        B        C        D        E       F      G
               +--------+--------+--------+--------+--------+-----+--------+
         Total |   3431 |   3275 |    156 |    555 |   2144 |   3 | 1143.7 |
       Dungeon |   3431 |   3275 |    156 |    555 |   2144 |   3 | 1143.7 |
               +--------+--------+--------+--------+--------+-----+--------+

Top non-repeatable levels by time:
     D:2: 1399 daAuts
     D:3: 1024 daAuts
     D:1: 1007 daAuts
